 Dungeon Crawl Stone Soup version 0.29.0-11-gd7f09526c8 (webtiles) character file.

Game seed: 1744713242743513323

254 Flugkiller the Chopper (level 4, -1/41 HPs)
             Began as a Minotaur Fighter on Sept 4, 2022.
             Was a Follower of Ru.
             Succumbed to Sigmund's poison
             ... on level 3 of the Dungeon.
             The game lasted 00:01:19 (1780 turns).

Flugkiller the Chopper (Minotaur Fighter)           Turns: 1780, Time: 00:01:20

Health: -1/41      AC: 10    Str: 24    XL:     4   Next: 91%
Magic:  3/3        EV: 10    Int:  5    God:    Ru [*.....]
Gold:   77         SH:  4    Dex: 11    Spells: 3/3 levels left

rFire   . . .      SeeInvis .   a - +0 war axe
rCold   . . .      Faith    .   c - +0 buckler
rNeg    . . .      Spirit   .   b - +0 scale mail
rPois   .          Reflect  .   (helmet restricted)
rElec   .          Harm     .   (no cloak)
rCorr   .          Rampage  .   l - +2 pair of gloves {Str+3}
Will    .....                   (no boots)
Stlth   ..........              (no amulet)
HPRegen 0.13/turn               (no ring)
MPRegen 0.08/turn               (no ring)

@: brilliant, lethally poisoned (-1 -> -17)
A: horns 2, inexperienced 1, retaliatory headbutt
a: Renounce Religion


You were on level 3 of the Dungeon.
You worshipped Ru.
Ru was aware of your devotion.
You visited 1 branch of the dungeon, and saw 3 of its levels.

You collected 77 gold pieces.

Inventory:

Hand Weapons
 a - a +0 war axe (weapon)
Armour
 b - a +0 scale mail (worn)
 c - a +0 buckler (worn)
 l - a +2 pair of gloves of strength (worn)
   (You found it on level 2 of the Dungeon)
Wands
 i - a wand of roots (5)
   (You took it off Grinder on level 3 of the Dungeon)
Scrolls
 e - a scroll of silence {unknown}
 f - 4 scrolls of identify {unknown}
 g - 2 scrolls of amnesia {unknown}
 j - a scroll of fear {unknown}
 o - 3 scrolls of immolation {unknown}
 p - 3 scrolls of vulnerability {unknown}
 q - a scroll of enchant armour {unknown}
Potions
 h - a potion of haste
 m - a potion of degeneration {unknown}


   Skills:
 + Level 4.9 Fighting
 * Level 5.4 Axes
 + Level 4.9 Armour
 + Level 1.7 Dodging
 - Level 3.6 Shields


You had 3 spell levels left.
You didn't know any spells.
Your spell library was empty.

Dungeon Overview and Level Annotations

Branches:
Dungeon (3/15)

Altars:
Ru

Shops:
D:2 (

Annotations:
D:3 Ijyb, Sigmund


Innate Abilities, Weirdness & Mutations

You have a pair of horns on your head.
You are somewhat inexperienced. (-1 XL)
You reflexively headbutt those who attack you in melee.


Message History

Ijyb screams, "You nasty!
Big nasty!"
You see here a scroll labelled ZERONI TYIG.
q - a scroll labelled ZERONI TYIG The black bear growls angrily.
Ijyb zaps a wand.
You resist with some effort.
Ijyb zaps a wand.
You suddenly lose the ability to move!
A quokka comes into view.
You can move again.
You see here 5 stones.
A bat comes into view.
The bat moves out of view.
A bat is nearby!
A bat is nearby!
Found a stone staircase leading up.
The bat barely misses you. You furiously retaliate!
You headbutt the bat!
You kill the bat!
No target in view!
No target in view!
No target in view!
No target in view!
No target in view!
No target in view!
No target in view!
A rat comes into view.
A rat is nearby!
A rat is nearby!
A bat comes into view.
Found a dented garnet amulet.
Found an escape hatch in the ceiling.
The rat bites you but does no damage.
You closely miss the rat. Your headbutt misses the rat.
The rat bites you but does no damage. The bat barely misses you.
The rat bites you but does no damage.
You hit the rat.
You kill the rat!
You closely miss the bat. You block the bat's attack.
You hit the bat but do no damage. The bat hits you but does no damage.
You block the bat's attack.
You hit the bat.
The bat is moderately wounded.
The bat hits you but does no damage. x2
The bat barely misses you. You furiously retaliate!
You headbutt the bat!
You kill the bat!
You see here a rat corpse.
No target in view!
Sigmund the Dreaded comes into view.
He is wielding a +0 scythe of venom and wearing a +0 robe of cold resistance.
Found 2 stones and 10 gold pieces.
Sigmund shouts!
You see here a bat corpse.
Sigmund is nearby!
Sigmund is nearby!
Sigmund mumbles some strange words.
Sigmund flickers and vanishes!
Deactivating autopickup; reactivate with Ctrl-A.
Okay, then.
Something hits you.
You are poisoned.
You feel sick.
You slash something! Your headbutt misses something.
You feel sick.
You hear some strange, mumbled words.
A puff of flame appears from out of thin air!
You block the puff of flame.
You barely miss something. Your headbutt misses something.
You feel sick. Something hits you.
You are more poisoned.
You miss something.
You feel very sick. Something hits you but does no damage.
You are more poisoned.
It was a potion of haste.
You feel yourself speed up.
You feel very sick. Something hits you but does no damage.
You are lethally poisoned!
You feel much better.
You feel very sick.
You feel very mighty all of a sudden.
You feel very sick. Something hits you but does no damage.
You are more poisoned.
You barely miss something. Your headbutt misses something.
You feel very sick.
You miss something. Your headbutt misses something.
You feel very sick. Something hits you but does no damage.
You are lethally poisoned!
You miss something. Your headbutt misses something.
You feel extremely sick.
You closely miss something. Your headbutt misses something.
You feel very sick. Something hits you!
* * * LOW HITPOINT WARNING * * *
It was a potion of cancellation.
Your magical effects are unravelling.
You feel magically purged.
You feel yourself slow down.
You feel a little less mighty now.
* * * LOW HITPOINT WARNING * * *
You feel very sick.
Unknown command.
It was a potion of brilliance.
You feel clever all of a sudden.
You die...

.### #. .#
#.##........# .#
##.##........#
##########..##........#
.^..............$.....#
#######....# #........#
## #....# #........#
.######....###........#
...........†....@{....#
#######†....†....".####
#.............#
#.<...........#
##.........<.(#
...#.........##
######...#...##
#########


There were no monsters in sight!

Vanquished Creatures
  Grinder (D:3)
  Jessica (D:3)
  An adder (D:3)
  5 ball pythons
  7 bats
  3 endoplasms
  4 giant cockroaches (D:1)
  4 hobgoblins
  4 kobolds
  3 frilled lizards (D:1)
  5 goblins
  7 rats
45 creatures vanquished.

Vanquished Creatures (others)
  3 plants (D:2)
3 creatures vanquished.

Grand Total: 48 creatures vanquished

Notes
Turn   | Place    | Note
-------+----------+-------------------------------------------
     0 | D:1      | Flugkiller the Minotaur Fighter began the quest for the
                  | Orb.
     0 | D:1      | Reached XP level 1. HP: 19/19 MP: 0/0
    67 | D:1      | Reached XP level 2. HP: 27/27 MP: 1/1
    70 | D:1      | Reached skill level 3 in Axes
   321 | D:1      | Found a faded altar of an unknown god.
   370 | D:1      | Prayed at the altar of an unknown god.
   370 | D:1      | Became a worshipper of Ru the Awakened
   385 | D:1      | Gained mutation: You are somewhat inexperienced. (-1 XL)
                  | [Ru sacrifice]
   385 | D:1      | Reached XP level 1. HP: 20/20 MP: 0/0
   385 | D:1      | Reached * piety under Ru
   705 | D:2      | Reached XP level 2. HP: 27/27 MP: 1/1
  1219 | D:2      | Found Ehyshriom's Antique Weapon Boutique.
  1480 | D:3      | Noticed Jessica
  1484 | D:3      | Killed Jessica
  1485 | D:3      | Reached skill level 4 in Axes
  1485 | D:3      | Reached XP level 3. HP: 33/33 MP: 2/2
  1657 | D:3      | Noticed Grinder
  1664 | D:3      | Paralysed by Grinder for 2 turns
  1667 | D:3      | Killed Grinder
  1668 | D:3      | Reached skill level 5 in Axes
  1668 | D:3      | Reached skill level 1 in Dodging
  1668 | D:3      | Reached XP level 4. HP: 34/41 MP: 3/3
  1725 | D:3      | Noticed Ijyb
  1726 | D:3      | Paralysed by Ijyb for 4 turns
  1730 | D:3      | Noticed a black bear
  1733 | D:3      | Paralysed by Ijyb for 3 turns
  1764 | D:3      | Noticed Sigmund
  1780 | D:3      | Succumbed to Sigmund's poison

Illustrated notes

Levels and vault maps discovered:
D:1:      reono_arrival_forest_river, layout_loops_ring, basic_ecumenical_altar
D:2:      layout_basic, serial_shops, nicolae_shop_overgrown_old_shop,
          hangedman_decor_opposing, nicolae_figureground_sparkle
D:3:      wander_river, layout_rooms, nicolae_hepliaklqana_hippocampus,
          uniq_sigmund, uniq_jessica, uniq_grinder, uniq_ijyb

Skill      XL: |  1  2  3 |
---------------+----------+-----
Axes           | 4 5 |  5.4
Fighting       | 4 |  4.9
Armour         | 4 |  4.9
Dodging        | 1 |  1.7
Shields        | |  3.6

Action                   |  1- 3 |  4- 6 || total
-------------------------+-------+-------++-------
Melee: War axe           |    88 |    11 ||    99
       Headbutt          |     8 |       ||     8
Invok: Sacrifice Experie |     1 |       ||     1
  Use: Potion            |     1 |     5 ||     6
Armor: Scale mail        |    47 |    10 ||    57
Dodge: Dodged            |    44 |     3 ||    47
Block: Buckler           |    16 |     3 ||    19
